Map: 디스코 블러드배스 - 래더

Players

Clem

  • Race: Terran Terran
  • League: Master
  • Spawn Location: 9:00

llllllllllll (Trap) - Winner!

  • Race: Protoss Protoss
  • League: Master
  • Spawn Location: 3:00

Event: HomeStory Cup XX

VOD

Have the link to the VOD?

Description

Time

  • Played on: Nov. 23, 2019, 1:44 p.m.
  • Length: 6:59

All games in this series

Show
View Real Time Build Order
Export as new Build Order

Clem Terran 

Build Orders: Gas First Reaper Expand 

Get SALT Encoding   

  12  0:01  SCV  
  13  0:13  SCV  
  14  0:17  Supply Depot  
  14  0:25  SCV  
  15  0:31  Refinery  
  15  0:39  SCV  
  16  0:44  Barracks  
  16  0:51  SCV  
  17  1:03  SCV  
  18  1:15  SCV  
  19  1:31  Orbital Command, Reaper  
  20  1:42  Command Center  
  20  1:53  Factory  
  20  1:57  SCV  
  21  2:04  Supply Depot  
  21  2:09  SCV  
  21  2:10  Barracks Reactor  
  22  2:15  Refinery  
  22  2:21  SCV  
  23  2:33  SCV  
  24  2:45  Starport  
  24  2:50  Hellion x2  
  28  2:52  SCV  
  28  2:55  Orbital Command  
  29  3:00  Barracks Tech Lab  
  29  3:05  SCV  
  30  3:12  Hellion x2  
  34  3:19  SCV  
  35  3:20  SCV  
  35  3:21  Viking  
  35  3:26  Supply Depot  
  38  3:33  SCV x2  
  39  3:42  Marine x2, Cyclone  
  44  3:48  SCV  
  44  3:49  Supply Depot, SCV  
  44  3:52  Viking  
  46  4:00  Marine x2  
  46  4:01  SCV  
  49  4:03  SCV  
  50  4:15  SCV  
  50  4:17  Siege Tank  
  54  4:19  Marine x2, Supply Depot  
  54  4:20  SCV  
  57  4:28  SCV  
  57  4:31  Liberator  
  58  4:37  Marine  
  56  4:38  SCV  
  56  4:40  SCV  
  57  4:47  Command Center  
  57  4:49  Siege Tank  
  57  4:50  SCV  
  64  4:53  Barracks  
  64  4:55  Supply Depot  
  64  4:56  SCV  
  65  5:00  Marine x2  
  65  5:02  SCV  
  65  5:05  Barracks  
  68  5:09  Refinery  
  68  5:11  Refinery  
  68  5:14  SCV x2  
  68  5:19  Engineering Bay  
  68  5:20  Engineering Bay  
  70  5:22  Marine  
  70  5:27  SCV  
  65  5:29  SCV  
  58  5:39  SCV  
  58  5:40  Marine  
  58  5:41  SCV  
  51  5:51  SCV  
  51  5:53  Barracks Tech Lab  
  51  5:54  Marine  
  51  5:55  SCV  
  54  5:59  Marine  
  56  6:04  SCV  
  56  6:07  Marine  
  56  6:08  Starport Reactor, Factory Reactor  
  56  6:09  Orbital Command  
  56  6:10  SCV  
  52  6:13  Marauder, Marine  
  52  6:16  SCV  
  52  6:17  Marine  
  56  6:22  SCV  
  56  6:25  Marine  
  58  6:28  SCV  
  58  6:31  Marine  
  60  6:34  SCV  
  60  6:35  Marauder, Marine  
  60  6:38  SCV  
  62  6:40  SCV  
  62  6:46  SCV  
Show
View Real Time Build Order
Export as new Build Order

llllllllllll Protoss - Winner!

Build Orders: 1 Gate Expand, Oracle Opening 

Get SALT Encoding   

  12  0:00  Probe  
  13  0:12  Probe  
  14  0:18  Pylon  
  14  0:24  Probe  
  15  0:33  Probe  
  15  0:38  Gateway  
  15  0:41  Probe  
  16  0:46  Assimilator  
  17  0:51  Probe  
  18  1:03  Probe  
  19  1:15  Probe  
  20  1:26  Nexus  
  20  1:34  Cybernetics Core  
  20  1:36  Probe  
  21  1:43  Assimilator  
  21  1:48  Probe  
  21  1:51  Pylon  
  22  2:00  Adept, Probe  
  23  2:12  Probe  
  26  2:18  Stargate  
  26  2:21  Adept  
  26  2:24  Probe  
  26  2:27  Warp Gate  
  27  2:34  Probe  
  27  2:37  Probe  
  30  2:42  Probe  
  31  2:49  Probe  
  31  2:51  Adept  
  33  2:53  Oracle, Probe  
  36  3:01  Probe  
  36  3:05  Probe  
  41  3:12  Pylon  
  41  3:13  Probe  
  41  3:17  Probe  
  42  3:25  Probe  
  43  3:29  Probe  
  43  3:30  Oracle  
  47  3:38  Gateway  
  47  3:39  Gateway  
  47  3:42  Probe x2  
  49  3:50  Pylon  
  49  3:54  Probe x2  
  49  3:57  Oracle  
  47  4:06  Probe x2  
  52  4:10  Nexus  
  52  4:14  Pylon  
  52  4:18  Stalker  
  52  4:21  Assimilator  
  54  4:25  Assimilator  
  54  4:26  Probe x2  
  54  4:30  Pylon  
  53  4:38  Probe x2  
  53  4:42  Phoenix  
  57  4:49  Forge  
  57  4:52  Twilight Council  
  55  4:55  Stalker  
  55  4:57  Stalker  
  55  4:59  Zealot, Phoenix  
  63  5:14  Probe x2  
  63  5:18  Stalker  
  63  5:19  Stalker  
  63  5:20  Stalker  
  70  5:23  Probe  
  70  5:26  Probe  
  66  5:43  Oracle  
  66  5:44  Stalker x3  
  66  5:47  Probe x3  
  76  5:59  Probe x3  
  72  6:08  Probe x2  
  72  6:11  Probe  
  70  6:15  Oracle  
  70  6:16  Probe x2  
  72  6:23  Probe  
  76  6:25  Probe x2  
  78  6:35  Pylon, Probe  
  78  6:36  Pylon  
  78  6:39  Probe x2  
  79  6:55  Stalker x3  
Tags
 
Add a new tag
Caveats
  • Supply blocks, unpowered buildings, or Contaminate may cause inaccurate times.
  • Supply counts are checked every 10 seconds.